 Dungeon Crawl Stone Soup version 0.25.1-2-g60ff931df9 (webtiles) character file.

Game seed: 3585743286680007208

11204 lepoulpe303 the Reanimator (level 11, -5/87 HPs)
             Began as a Deep Dwarf Necromancer on Aug 18, 2020.
             Was a Priest of Makhleb.
             Slain by an eight-headed hydra (7 damage)
             ... on level 2 of the Lair of Beasts.
             The game lasted 01:06:51 (11946 turns).

lepoulpe303 the Reanimator (DDNe)                  Turns: 11946, Time: 01:06:52

Health: -5/87      AC: 15    Str: 13    XL:     11   Next: 46%
Magic:  4/22       EV: 15    Int: 18    God:    Makhleb [***...]
Gold:   604        SH:  0    Dex: 19    Spells: 10/24 levels left

rFire    . . .     SeeInvis .   a - +2 morningstar (protect)
rCold    . . .     Gourm    .   (no shield)
rNeg     . . .     Faith    .   b - quicksilver dragon scales
rPois    .         Spirit   .   L - +0 helmet
rElec    .         Reflect  .   F - +0 cloak
rCorr    .         Harm     .   (no gloves)
MR       +++..                  s - +0 pair of boots
Stlth    +++.......             v - amulet of the acrobat
HPRegen  0.00/turn              m - ring of protection from magic
MPRegen  0.18/turn              M - +6 ring of dexterity

@: non-regenerating, studying Transmutations
A: damage resistance, heal wounds, sense surroundings 2, no regeneration
a: Heal Wounds, Minor Destruction, Lesser Servant of Makhleb, Renounce Religion


You were on level 2 of the Lair of Beasts.
You worshipped Makhleb.
Makhleb was most pleased with you.
You were not hungry.

You visited 3 branches of the dungeon, and saw 12 of its levels.

You collected 604 gold pieces.

Inventory:

Hand Weapons
 a - a +2 morningstar of protection (weapon)
 k - a +0 dagger
Missiles
 r - 19 poisoned darts (quivered)
 P - 7 curare-tipped darts
Armour
 b - quicksilver dragon scales (worn)
 p - a +0 robe
 s - a +0 pair of boots (worn)
 D - a cursed +0 chain mail
 F - a +0 cloak (worn)
 J - +0 steam dragon scales
 L - a +0 helmet (worn)
Jewellery
 m - a ring of protection from magic (left hand)
 v - an amulet of the acrobat (around neck)
 M - a +6 ring of dexterity (right hand)
Wands
 o - a wand of acid (5)
 I - a wand of polymorph (7)
 N - a wand of iceblast (8)
 O - a wand of disintegration (8)
Scrolls
 f - 5 scrolls of teleportation {unknown}
 g - 3 scrolls of fog {unknown}
 i - 4 scrolls of identify
 q - 3 scrolls of enchant weapon {unknown}
 t - 2 scrolls of blinking {unknown}
 w - 4 scrolls of remove curse
 x - 4 scrolls of amnesia {unknown}
 y - 2 scrolls of fear {unknown}
 z - 2 scrolls of random uselessness {unknown}
 B - 2 scrolls of magic mapping {unknown}
 H - a scroll of noise {unknown}
Potions
 c - 2 potions of resistance {unknown}
 d - 5 potions of degeneration {unknown}
 h - a potion of might {unknown}
 j - 3 potions of magic {unknown}
 l - 2 potions of heal wounds
 n - 2 potions of brilliance {unknown}
 u - 3 potions of curing {unknown}
 A - 4 potions of haste {unknown}
 C - a potion of flight {unknown}
 E - a potion of invisibility {unknown}
 G - a potion of lignification {unknown}
Books
 K - a manual of Transmutations {!d}
Miscellaneous
 Q - a tin of tremorstones (1/3)
Comestibles
 e - 10 rations


   Skills:
 + Level 2.3 Fighting
 + Level 5.7 Maces & Flails
 - Level 6.0 Armour
 + Level 6.8 Dodging
 - Level 7.2 Stealth
 * Level 7.4 Spellcasting
 * Level 10.2 Necromancy
 * Level 5.4 Transmutations
 + Level 6.7 Invocations
 + Level 3.3 Evocations


You had 10 spell levels left.
You knew the following spells:

 Your Spells              Type           Power        Failure   Level  Hunger
a - Pain                  Necr           ####         1%          1    None
b - Animate Dead          Necr           N/A          3%          4    ###....
c - Agony                 Necr           #####...     9%          5    #####..
x - Vampiric Draining     Necr           #####.....   1%          3    #......
A - Animate Skeleton      Necr           N/A          1%          1    None

Your spell library contained the following spells:

 Spells                   Type           Power        Failure   Level  Hunger
 Shock                    Conj/Air       #...         21%         1    None
 Summon Small Mammal      Summ           #...         21%         1    None
 Call Imp                 Summ           #.......     30%         2    None
 Swiftness                Chrm/Air       #.......     30%         2    None
 Call Canine Familiar     Summ           #.......     52%         3    #......
 Static Discharge         Conj/Air       #.......     52%         3    #......
 Summon Guardian Golem    Hex/Summ       #.......     52%         3    #......
 Airstrike                Air            #.........   90%         4    ###....
 Summon Ice Beast         Ice/Summ       #.......     90%         4    ###....
 Summon Lightning Spire   Summ/Air       #.......     90%         4    ###....
 Lightning Bolt           Conj/Air       #.........   99%         5    #####..


Dungeon Overview and Level Annotations

Branches:
Dungeon (8/15)             Temple (1/1) D:5            Lair (3/6) D:8
  Snake (0/4) Lair:2
  Swamp: Lair:2-4    Shoals: Lair:2-4

Altars:
Ashenzari
Cheibriados
Elyvilon
Fedhas
Gozag
Hepliaklqana
Makhleb
Nemelex Xobeh
Qazlal
Ru
Sif Muna
Trog
Uskayaw
Vehumet
Wu Jian
Xom
Yredelemnul
Zin
The Shining One

Annotations:
Lair:2 Sonja


Innate Abilities, Weirdness & Mutations

You are resistant to damage.
You can heal yourself by infusing magical energy.
You passively map the area around you.
You do not regenerate.


Message History

The eight-headed hydra completely misses you.
The eight-headed hydra bites you but does no damage.
The eight-headed hydra closely misses you.
The eight-headed hydra misses you.
The eight-headed hydra bites you but does no damage.
The eight-headed hydra misses you. The eight-headed hydra bites you!
* * * LOW HITPOINT WARNING * * *
The eight-headed hydra bites you but does no damage.
You take 8 damage, and have 16/87 hp.
You now have 5/22 mp.
Aim: an eight-headed hydra (almost dead, chance to defeat MR: 54%)
The eight-headed hydra writhes in agony.
* * * LOW MAGIC WARNING * * *
The eight-headed hydra completely misses you.
The eight-headed hydra bites you!
* * * LOW HITPOINT WARNING * * *
The eight-headed hydra bites you!
* * * LOW HITPOINT WARNING * * *
The eight-headed hydra bites you but does no damage.
The eight-headed hydra bites you!
You die...

.>. #...........#
#.......# ##...........P
*
..(.....###.............
,.........###..(.........
........................
*
........................
*
.....)..................
*
.......D.P..............
.......@..P.............
*.............#..........
*...........###......
*...###..#.## *###.## , ,
## ###### ,.#* * * #


You could see an eight-headed hydra.

Levels and vault maps discovered:
D:1:      saegor_arrival_simple_d, layout_loops_cross
D:2:      minmay_general_purpose_star, layout_basic, first_ration,
          kennysheep_cross_bottleneck, minmay_pentomino_o4
D:3:      layout_loops_ring, minmay_misc_feat_x,
          minmay_fractal_squares_gapless_5, uniq_grinder
D:4:      layout_rooms, grunt_dithmenos_shadows, grunt_temple_overflow_diamond,
          serial_shops, nicolae_shop_trees, serial_undead, serial_undead_c,
          serial_undead_f, serial_undead_d, serial_undead_d, uniq_sigmund
D:5:      layout_basic, minmay_temple_entry_statues, uniq_duvessa,
          uniq_blork_the_orc
D:6:      layout_gridville, yredelemnul_forgotten_temple_becter,
          uniq_crazy_yiuf_cottage
D:7:      lemuel_ratsnest, layout_layer_cave, kennysheep_mini, the_bakery,
          trog_book, uniq_joseph
D:8:      layout_rooms, dpeg_oklobed_lair, minmay_manual_maat, uniq_maggie,
          uniq_harold
Temple:   nicolae_temple_elliptical
Lair:1:   layout_hall_layers, basic_altar, st_stairs_7, lemuel_old_faithful,
          uniq_prince_ribbit2
Lair:2:   layout_cave_pods, minmay_snake_entry_guardpost_medium, uniq_sonja
Lair:3:   layout_small_grid, palyth_hydra_swamp_entry

Notes
Turn   | Place    | Note
-------+----------+-------------------------------------------
     0 | D:1      | lepoulpe303 the Deep Dwarf Necromancer began the quest for
                  | the Orb.
     0 | D:1      | Reached XP level 1. HP: 15/15 MP: 3/3
    75 | D:1      | Identified quicksilver dragon scales (You found it on level
                  | 1 of the Dungeon)
   237 | D:1      | Identified a +0 club
   592 | D:1      | Identified a +0 club
   592 | D:1      | Identified a +0 dagger
   596 | D:1      | Reached XP level 2. HP: 22/22 MP: 2/4
   634 | D:1      | Reached skill level 2 in Spellcasting
   866 | D:1      | Learned a level 1 spell: Animate Skeleton
   885 | D:1      | Identified a +0 dagger
  1224 | D:2      | Identified 3 scrolls of identify
  1224 | D:2      | Identified an amulet of regeneration (You found it on level
                  | 1 of the Dungeon)
  1226 | D:2      | Identified a ring of protection from magic (You found it on
                  | level 1 of the Dungeon)
  1476 | D:2      | Identified a +2 morningstar of protection (You found it on
                  | level 2 of the Dungeon)
  1598 | D:2      | Identified a +0 short sword
  1649 | D:2      | Identified a +0 short sword
  1662 | D:2      | Reached XP level 3. HP: 28/28 MP: 1/6
  1770 | D:2      | Identified a +0 dagger
  2010 | D:3      | Noticed Grinder
  2061 | D:2      | lepoulpe303: !whichgod ddne
  2061 | D:2      | meem: 31 recent wins for ddne: 25x Makhleb, 3x Dithmenos,
                  | 2x Ru, Cheibriados
  2093 | D:3      | Identified a +0 pair of boots (You found it on level 3 of
                  | the Dungeon)
  2106 | D:3      | Reached skill level 1 in Armour
  2108 | D:3      | Identified a +0 dagger
  2147 | D:3      | Identified a +0 hand axe
  2147 | D:3      | Identified a +0 flail
  2147 | D:3      | Identified a +0 ring mail
  2147 | D:3      | Identified a +0 mace
  2147 | D:3      | Identified a +0 ring mail
  2190 | D:3      | Identified a +0 dagger
  2240 | D:3      | Identified a +0 trident
  2240 | D:3      | Identified a +0 leather armour
  2241 | D:3      | Identified a +0 club
  2242 | D:3      | Identified a +0 dagger
  2242 | D:3      | Identified a +0 robe
  2257 | D:3      | Reached skill level 3 in Stealth
  2257 | D:3      | Reached skill level 5 in Necromancy
  2257 | D:3      | Reached XP level 4. HP: 16/36 MP: 2/7
  2302 | D:3      | Learned a level 3 spell: Vampiric Draining
  2303 | D:3      | Identified a +0 dagger
  2305 | D:3      | Identified a +0 dagger
  2305 | D:3      | Identified a cursed +0 robe
  2317 | D:3      | Identified a +0 club
  2322 | D:3      | Reached skill level 1 in Maces & Flails
  2812 | D:3      | Identified a cursed -1 war axe
  2871 | D:3      | Reached XP level 5. HP: 20/42 MP: 4/9
  2880 | D:3      | HP: 10/42 [Grinder (1)]
  2884 | D:3      | Identified a +0 robe
  2908 | D:3      | HP: 10/42 [Grinder (5)]
  2915 | D:3      | You fall into a shaft and drop 3 floors!
  2957 | D:6      | Found a basalt altar of Yredelemnul.
  3017 | D:5      | Entered Level 5 of the Dungeon
  3025 | D:5      | Identified 3 scrolls of vulnerability
  3039 | D:5      | Identified a +0 short sword
  3039 | D:5      | Identified a +0 leather armour
  3039 | D:5      | Noticed Duvessa
  3039 | D:5      | Identified a +0 dagger
  3039 | D:5      | Identified a +2 robe of cold resistance
  3039 | D:5      | Noticed Dowan
  3086 | D:5      | Reached skill level 3 in Dodging
  3095 | D:4      | Noticed a water moccasin
  3175 | D:4      | Killed a water moccasin
  3175 | D:4      | Reached skill level 2 in Armour
  3175 | D:4      | Reached skill level 3 in Spellcasting
  3175 | D:4      | Reached XP level 6. HP: 42/49 MP: 2/10
  3181 | D:4      | Learned a level 4 spell: Animate Dead
  3494 | D:3      | Identified a +0 club
  3526 | D:3      | Identified a +0 flail
  3526 | D:3      | Identified a +0 ring mail
  3527 | D:3      | Identified a +0 mace
  3528 | D:3      | Identified a +0 club
  3722 | D:3      | Killed Grinder
  3722 | D:3      | Reached skill level 2 in Maces & Flails
  3722 | D:3      | Reached skill level 6 in Necromancy
  3722 | D:3      | Reached XP level 7. HP: 52/55 MP: 10/12
  3948 | D:4      | Reached skill level 4 in Stealth
  3958 | D:4      | You fall into a shaft and drop 1 floor!
  3965 | D:5      | Identified a +0 giant club
  4358 | D:5      | Found a staircase to the Ecumenical Temple.
  4370 | D:5      | Identified 3 scrolls of remove curse
  4371 | D:5      | Identified an amulet of the acrobat (You found it on level
                  | 6 of the Dungeon)
  4375 | Temple   | Entered the Ecumenical Temple
  4506 | Temple   | Became a worshipper of Makhleb the Destroyer
  4729 | D:5      | Identified a +0 war axe
  4729 | D:5      | Identified a +0 robe
  4729 | D:5      | Noticed Blork the orc
  4737 | D:5      | Killed Blork the orc
  4737 | D:5      | Reached skill level 4 in Spellcasting
  4879 | D:5      | Found a staircase to the Ecumenical Temple.
  4960 | D:5      | Killed Duvessa
  4960 | D:5      | Reached skill level 3 in Armour
  4960 | D:5      | Reached skill level 1 in Invocations
  4966 | D:5      | Killed Dowan
  4966 | D:5      | Reached skill level 4 in Dodging
  5421 | D:6      | Identified a +0 dagger
  5421 | D:6      | Identified a +0 robe
  5458 | D:6      | Reached XP level 8. HP: 49/62 MP: 5/14
  5632 | D:6      | Found a runed translucent door.
  5633 | D:6      | Identified a +2 quarterstaff of chaos
  5633 | D:6      | Identified a +0 cloak
  5633 | D:6      | Noticed Crazy Yiuf
  5695 | D:6      | Identified a +0 helmet (You found it on level 6 of the
                  | Dungeon)
  5748 | D:6      | Noticed a troll
  5831 | D:6      | Identified a +0 dagger
  5831 | D:6      | Identified a +0 ring mail
  5835 | D:6      | Killed a troll
  5835 | D:6      | Identified a +0 troll leather armour
  5835 | D:6      | Reached skill level 3 in Maces & Flails
  5835 | D:6      | Reached skill level 5 in Stealth
  5835 | D:6      | Reached skill level 7 in Necromancy
  5835 | D:6      | Reached skill level 2 in Invocations
  5836 | D:6      | Identified a +0 dagger
  5842 | D:6      | Identified a +0 flail
  5842 | D:6      | Identified a +0 leather armour
  6006 | D:6      | Identified a +0 dagger
  6006 | D:6      | Identified a +0 robe
  6007 | D:6      | Identified a +0 mace
  6007 | D:6      | Identified a cursed +0 hand axe
  6007 | D:6      | Identified a +0 leather armour
  6008 | D:6      | Identified a +0 short sword
  6008 | D:6      | Identified a +0 ring mail
  6063 | D:6      | Identified a +0 flail
  6063 | D:6      | Identified a +0 chain mail
  6180 | D:6      | Learned a level 5 spell: Agony
  6465 | D:6      | Killed Crazy Yiuf
  6567 | D:7      | Identified a +3 quarterstaff
  6567 | D:7      | Identified a +0 hunting sling
  6567 | D:7      | Identified a +0 leather armour
  6567 | D:7      | Noticed Joseph
  6683 | D:7      | Reached skill level 5 in Spellcasting
  6683 | D:7      | Reached skill level 3 in Invocations
  6811 | D:7      | Reached skill level 4 in Armour
  6811 | D:7      | Reached * piety under Makhleb
  6863 | D:7      | HP: 11/62 [hell rat (7)]
  7082 | D:7      | Identified a +0 shortbow
  7112 | D:7      | Gained mutation: You passively map the area around you.
                  | [Deep Dwarf growth]
  7112 | D:7      | Reached XP level 9. HP: 51/68 MP: 4/16
  7263 | D:7      | Identified a +0 shortbow
  7420 | D:7      | Killed Joseph
  7420 | D:7      | Reached skill level 5 in Dodging
  7420 | D:7      | Reached skill level 6 in Stealth
  7586 | D:7      | Reached skill level 8 in Necromancy
  7594 | D:7      | Found a bloodstained altar of Trog.
  7625 | D:7      | Identified a +0 dagger
  7625 | D:7      | Identified a +0 robe
  7636 | D:7      | Reached skill level 4 in Maces & Flails
  7670 | D:7      | Reached skill level 4 in Invocations
  7788 | D:7      | Identified a +0 leather armour
  8066 | D:7      | Found a snail-covered altar of Cheibriados.
  8116 | D:8      | Identified a +0 battleaxe
  8116 | D:8      | Identified a +0 scale mail
  8116 | D:8      | Noticed Harold
  8116 | D:8      | Identified a +0 leather armour
  8183 | D:7      | Reached ** piety under Makhleb
  8231 | D:8      | Identified a +1 falchion of flaming
  8267 | D:8      | Identified a +1 broad axe of flaming
  8267 | D:8      | Identified cursed +0 steam dragon scales
  8267 | D:8      | Noticed Maggie
  8302 | D:8      | Killed Maggie
  8328 | D:8      | Identified a cursed -3 great mace
  8328 | D:8      | Identified a +0 giant spiked club
  8328 | D:8      | Noticed a two-headed ogre
  8482 | D:7      | Killed a two-headed ogre
  8482 | D:7      | Reached skill level 5 in Armour
  8482 | D:7      | Reached skill level 6 in Spellcasting
  8482 | D:7      | Reached XP level 10. HP: 49/75 MP: 3/19
  8620 | D:8      | Identified a +0 club
  8629 | D:8      | Reached skill level 5 in Invocations
  8782 | D:8      | Reached skill level 7 in Stealth
  8782 | D:8      | Reached skill level 9 in Necromancy
  8810 | D:8      | Identified a ring of dexterity (You found it on level 8 of
                  | the Dungeon)
  8824 | D:8      | Identified a +3 dagger
  8824 | D:8      | Identified a +0 robe
  8825 | D:8      | Identified a +0 morningstar
  8825 | D:8      | Identified a +0 robe
  8836 | D:8      | Identified a cursed +0 dagger
  8836 | D:8      | Identified a +0 robe
  8837 | D:8      | Identified a +4 spear of freezing
  8837 | D:8      | Identified a +0 robe
  8845 | D:8      | Identified a +0 scimitar
  8845 | D:8      | Identified a +0 robe
  8970 | D:8      | Found a staircase to the Lair.
  8992 | D:8      | Identified a +0 shortbow
  8993 | D:8      | Identified a +0 giant spiked club
  9013 | D:8      | Reached skill level 6 in Dodging
  9247 | D:8      | Killed Harold
  9247 | D:8      | Reached skill level 5 in Maces & Flails
  9247 | D:8      | Reached skill level 1 in Transmutations
  9387 | Lair:1   | Entered Level 1 of the Lair of Beasts
  9453 | Lair:1   | Reached skill level 2 in Transmutations
  9510 | Lair:1   | Reached skill level 1 in Evocations
  9521 | Lair:1   | Noticed a spiny frog
  9534 | Lair:1   | Killed a spiny frog
  9542 | Lair:1   | Reached skill level 3 in Transmutations
  9544 | Lair:1   | Reached skill level 1 in Fighting
  9756 | Lair:1   | Found a sparkling altar of Nemelex Xobeh.
 10136 | Lair:1   | Reached skill level 2 in Evocations
 10210 | Lair:1   | Noticed Prince Ribbit
 10241 | Lair:1   | Reached skill level 6 in Invocations
 10260 | Lair:1   | Reached skill level 7 in Spellcasting
 10377 | Lair:1   | Reached XP level 11. HP: 69/85 MP: 21/21
 10388 | Lair:1   | Killed Prince Ribbit
 10388 | Lair:1   | Reached skill level 4 in Transmutations
 10392 | Lair:1   | Reached *** piety under Makhleb
 10742 | Lair:2   | Identified a +0 dagger of venom
 10742 | Lair:2   | Noticed Sonja
 10906 | Lair:2   | Reached skill level 6 in Armour
 11184 | Lair:2   | You fall into a shaft and drop 1 floor!
 11217 | Lair:3   | Reached skill level 2 in Fighting
 11221 | Lair:3   | Reached skill level 10 in Necromancy
 11273 | Lair:2   | Reached skill level 3 in Evocations
 11290 | Lair:2   | Identified a +0 hand axe
 11290 | Lair:2   | Identified a +0 robe
 11322 | Lair:2   | Identified a +0 glaive
 11322 | Lair:2   | Identified a +0 robe
 11331 | Lair:2   | Identified a +0 battleaxe
 11331 | Lair:2   | Identified a +0 robe
 11335 | Lair:2   | Reached skill level 5 in Transmutations
 11382 | Lair:2   | Identified a +0 halberd
 11382 | Lair:2   | Identified a +0 scimitar
 11633 | Lair:2   | Identified a +0 long sword
 11633 | Lair:2   | Identified a +0 robe
 11932 | Lair:2   | Noticed an eight-headed hydra
 11945 | Lair:2   | HP: 16/87 [eight-headed hydra (8)]
 11946 | Lair:2   | HP: 2/87 [eight-headed hydra (7)]
 11946 | Lair:2   | Slain by an eight-headed hydra

Table legend:
 A = Turns spent in this place as a percentage of turns spent in the entire game.
 B = Non-inter-level travel turns spent in this place as a percentage of non-inter-level travel turns spent in the entire game.
 C = Inter-level travel turns spent in this place as a percentage of turns spent in this place.
 D = Turns resting spent in this place as a percentage of non-inter-level travel turns spent in this place.
 E = Turns spent auto-exploring this place as a percentage of non-inter-level travel turns spent in this place.
 F = Non-inter-level travel turns spent in this place divided by the number of levels of this place that you've seen.
                   A       B       C       D       E      F
               +-------+-------+-------+-------+-------+----------------------
         Total | 100.0 | 100.0 |   4.5 |  22.7 |  46.8 | 950.9
       Dungeon |  77.3 |  76.7 |   5.2 |  23.1 |  49.1 | 1094.5
        Temple |   1.3 |   1.2 |  13.6 |   0.0 |  88.7 | 133.0
          Lair |  21.4 |  22.1 |   1.4 |  22.5 |  37.0 | 840.7
               +-------+-------+-------+-------+-------+----------------------

Table legend:
 A = Kills in this place as a percentage of kills in entire the game.
 B = Kills by you in this place as a percentage of kills by you in the entire game.
 C = Kills by friends in this place as a percentage of kills by friends in the entire game.
 D = Other kills in this place as a percentage of other kills in the entire game.
 E = Experience gained in this place as a percentage of experience gained in the entire game.
 F = Experience gained in this place divided by the number of levels of this place that you have seen.
                   A       B       C       D       E      F
               +-------+-------+-------+-------+-------+----------------------
         Total | 100.0 | 100.0 | 100.0 |   N/A | 100.0 | 1333.9
       Dungeon |  80.1 |  81.7 |  63.2 |   N/A |  49.2 | 983.6
          Lair |  19.9 |  18.3 |  36.8 |   N/A |  50.8 | 2712.7
               +-------+-------+-------+-------+-------+----------------------

Skill      XL: |  1  2  3  4  5  6  7  8  9 10 11 |
---------------+----------------------------------+-----
Spellcasting   | 2 3 4 5 6 7 |  7.4
Armour         | 1 2 3 4 5 6 |  6.0
Stealth        | 3 4 5 6 7 |  7.2
Necromancy     | 5 6 7 8 9 10 | 10.2
Maces & Flails | 1 2 3 4 5 |  5.7
Dodging        | 3 4 5 6 |  6.8
Invocations    | 1 3 4 6 |  6.7
Transmutations | 3 5 |  5.4
Evocations     | 2 3 |  3.3
Fighting       | 1 2 |  2.3

Action                   |  1- 3 |  4- 6 |  7- 9 | 10-12 || total
-------------------------+-------+-------+-------+-------++-------
Melee: Morningstar       |    23 |   121 |   303 |   267 ||   714
Throw: Dart              |       |       |     5 |    55 ||    60
 Cast: Pain              |    75 |    27 |    72 |    36 ||   210
       Animate Skeleton  |     4 |     4 |     4 |       ||    12
       Vampiric Draining |       |     8 |    48 |    60 ||   116
       Animate Dead      |       |       |     6 |    15 ||    21
 Abil: Heal Wounds       |       |     2 |     2 |       ||     4
Evoke: Wand              |       |       |       |     2 ||     2
       Tin of tremorston |       |       |       |     3 ||     3
  Use: Scroll            |     3 |     1 |     2 |     1 ||     7
       Potion            |       |       |     1 |       ||     1
 Stab: Sleeping          |       |       |     1 |       ||     1
       Distracted        |       |       |       |     1 ||     1
  Eat: Chunk             |     5 |     3 |     6 |     1 ||    15
       Ration            |       |     1 |     4 |     5 ||    10
Armor: Quicksilver drago |    17 |   101 |   224 |   214 ||   556
Dodge: Dodged            |    36 |   112 |   304 |   396 ||   848

Vanquished Creatures
  Harold (D:8)
  A two-headed ogre (D:7)
  Joseph (D:7)
  A spiny frog (Lair:1)
  Maggie (D:8)
  A troll (D:6)
  Prince Ribbit (Lair:1)
  Grinder (D:3)
  7 blink frogs (Lair:1)
  4 hippogriffs
  A spriggan (D:7)
  9 yaks
  A basilisk (Lair:2)
  6 nagas
  3 water moccasins
  Duvessa (D:5)
  2 porcupines (Lair:2)
  3 sky beasts
  An orc warrior (D:6)
  An ice beast (D:8)
  2 phantoms
  2 ogres
  3 wolves (Lair:2)
  3 centaurs
  2 crocodiles
  Blork the orc (D:5)
  4 bullfrogs
  Dowan (D:5)
  A scorpion (D:8)
  5 wights
  A crimson imp (D:7)
  A centaur zombie (D:6)
  Crazy Yiuf (D:6)
  A bullfrog skeleton (D:8)
  5 hounds
  3 orc priests
  4 orc wizards
  2 hell rats (D:7)
  4 worker ants
  2 hound zombies
  A hound skeleton (D:8)
  A howler monkey skeleton (D:7)
  6 adders
  6 river rats (D:7)
  An adder zombie (D:8)
  3 worms
  2 dart slugs
  4 leopard geckos
  18 orcs
  A bat (D:2)
  3 giant cockroaches
  3 hobgoblins
  9 jackals
  9 quokkas
  2 ball pythons
  3 frilled lizards
  A giant cockroach zombie (D:4)
  7 goblins
  A jackal zombie (D:4)
  7 kobolds
  A leopard gecko skeleton (D:4)
  A quokka skeleton (D:4)
  A quokka zombie (D:6)
  15 rats
  A spectral orc (D:6)
  A fungus (D:8)
203 creatures vanquished.

Vanquished Creatures (collateral kills)
  A komodo dragon (Lair:3)
  A blink frog (Lair:1)
  A hippogriff (Lair:3)
  2 yaks
  A wolf (Lair:2)
  A bullfrog (Lair:2)
  A hell rat (D:7)
  2 river rats (D:7)
  2 orcs
  A bat (D:2)
  A quokka (D:7)
  5 rats (D:7)
19 creatures vanquished.

Vanquished Creatures (others)
  4 fungi
4 creatures vanquished.

Grand Total: 226 creatures vanquished
